 Dungeon Crawl Stone Soup version 0.31.0-11-ge490571c62 (webtiles) character file.

Game seed: 11419120517870766978

31 qw the Shooter (level 3, 0/20 HPs)
             Began as a Deep Elf Hunter on Feb 3, 2024.
             Slain by an orc wizard
             ... wielding a +1 dagger of protection
              (3 damage)
             ... on level 2 of the Dungeon.
             The game lasted 00:00:02 (465 turns).

qw the Shooter (Deep Elf Hunter)                     Turns: 465, Time: 00:00:03

Health: 0/20       AC:  3    Str: 10    XL:     3   Next: 7%
Magic:  5/5        EV: 12    Int: 13    God:
Gold:   57         SH:  0    Dex: 18    Spells: 2/2 levels left

rFire   . . .        a - +0 shortbow
rCold   . . .        (shield currently unavailable)
rNeg    . . .        c - +0 leather armour
rPois   .            (no helmet)
rElec   .            (no cloak)
rCorr   .            (no gloves)
SInv    .            (no boots)
Will    .....        (no amulet)
Stlth   ++           (no ring)
HPRegen 0.23/turn    (no ring)
MPRegen 0.09/turn

%: no passive effects
@: brilliant, about to teleport
A: no striking features
a: no special abilities


You were on level 2 of the Dungeon.
You visited 1 branch of the dungeon, and saw 2 of its levels.

You collected 85 gold pieces.
You spent 28 gold pieces at shops.


   Skills:
 - Level 1.5 Fighting
 + Level 6.7 Ranged Weapons
 - Level 2.4 Dodging
 - Level 1.2 Stealth


You had 2 spell levels left.
You didn't know any spells.
Your spell library was empty.

Inventory:

Hand Weapons
 a - a +0 shortbow (weapon)
Armour
 c - a +0 leather armour (worn)
Scrolls
 b - a scroll of teleportation
 d - 2 scrolls of identify

Dungeon Overview and Level Annotations

Branches:
Dungeon (2/15)

Altars:

Shops:
D:1 ?


Message History

The bat barely misses you. The goblin hits you but does no damage.
The orc wizard closely misses you.
You shoot an arrow. The arrow hits the orc wizard.
The orc wizard is lightly wounded.
The bat hits you but does no damage. The goblin barely misses you.
The orc wizard closely misses you. The bat hits you but does no damage.
The goblin completely misses you. The orc wizard barely misses you.
You shoot an arrow.
The arrow hits the orc wizard but does no damage.
The orc wizard is lightly wounded.
The bat barely misses you. The goblin hits you but does no damage.
The orc wizard closely misses you.
You shoot an arrow.
The arrow hits the orc wizard but does no damage.
The orc wizard is lightly wounded.
The bat closely misses you. The bat hits you but does no damage.
The goblin barely misses you.
The orc wizard hits you with a +1 dagger of protection.
You shoot an arrow.
The arrow hits the orc wizard but does no damage.
The orc wizard is lightly wounded.
The bat hits you but does no damage. x2; The orc wizard misses you.
The goblin closely misses you.
You shoot an arrow. The arrow hits the orc wizard.
The orc wizard is heavily wounded.
The bat closely misses you. The goblin hits you but does no damage.
The orc wizard mumbles some strange words.
The orc wizard flickers and vanishes!
Deactivating autopickup; reactivate with Ctrl-A.
You shoot an arrow. The arrow barely misses the goblin.
The bat hits you but does no damage. The goblin hits you with a +0 dagger.
Something hits you.
464 ||| READING 2 scrolls of teleportation.
As you read the scroll of teleportation, it crumbles to dust.
You feel strangely unstable. The goblin hits you but does no damage.
Something completely misses you.
You shoot an arrow. The arrow misses the bat.
The bat hits you but does no damage. The goblin barely misses you.
Something hits you.
You die...

........#####.......#.....
....................'.....
#....##.#############.....
#.. #.## #..... # #..##
###### ##..# # ##.# ##
#g## #. #@{# #####.
#.b.).... ..>... #.#.##...
#####. #.#..# . ## #.##.#
#.# .. #.# #.. #.# ###


You could see a goblin and a bat.

Vanquished Creatures
  2 dart slugs
  2 orcs (D:2)
  A ball python (D:2)
  An endoplasm (D:1)
  A giant cockroach (D:1)
  A goblin (D:1)
  3 hobgoblins (D:1)
  3 jackals (D:1)
  2 kobolds (D:1)
  2 bats (D:2)
  3 frilled lizards
  2 rats
23 creatures vanquished.

Notes
Turn   | Place    | Note
-------+----------+-------------------------------------------
     0 | D:1      | qw the Deep Elf Hunter began the quest for the Orb.
     0 | D:1      | Reached XP level 1. HP: 12/12 MP: 3/3
     0 | D:1      | 0 ||| qw: Version: 0.3-a-155-g5e7d8dd
     0 | D:1      | 0 ||| qw: Game counter: 3193
     0 | D:1      | 0 ||| qw: Melee chars always use a shield: true
     0 | D:1      | 0 ||| qw: God list: Okawaru
     0 | D:1      | 0 ||| qw: Allow faded altars: false
     0 | D:1      | 0 ||| qw: Do Orc after clearing Dungeon:15 true
     0 | D:1      | 0 ||| qw: Do second Lair branch before Depths: true
     0 | D:1      | 0 ||| qw: Lair rune preference: random
     0 | D:1      | 0 ||| qw: Goals: Normal
     0 | D:1      | 0 ||| PLANNING D:1-11
    93 | D:1      | Reached skill level 6 in Ranged Weapons
    93 | D:1      | Reached XP level 2. HP: 13/16 MP: 4/4
   242 | D:1      | Found Nissap's Magic Scroll Shoppe.
   249 | D:1      | 249 ||| SHOPLISTING scroll of enchant armour (105 gold,
                  | have 55).
   249 | D:1      | 249 ||| BUYING scroll of identify (28 gold).
   249 | D:1      | Bought a scroll of identify for 28 gold pieces
   249 | D:1      | 249 ||| SHOPLISTING scroll of identify (28 gold, have 27).
   249 | D:1      | 249 ||| SHOPLISTING scroll of teleportation (42 gold, have
                  | 27).
   308 | D:1      | 308 ||| READING scroll of identify.
   308 | D:1      | 308 ||| IDENTIFYING clear potion
   309 | D:1      | 309 ||| READING scroll labelled GOUFRU HILUXZE.
   314 | D:1      | 314 ||| DROPPING scroll of butterflies.
   315 | D:1      | 315 ||| DROPPING potion of degeneration.
   438 | D:2      | Reached XP level 3. HP: 20/20 MP: 5/5
   441 | D:2      | 441 ||| DRINKING brown potion.
   442 | D:2      | 442 ||| DRINKING cyan potion.
   463 | D:2      | HP: 3/20 [goblin/+0 dagger (3)]
   464 | D:2      | 464 ||| READING 2 scrolls of teleportation.
   465 | D:2      | Slain by an orc wizard

Levels and vault maps discovered:
D:1:      dpeg_arrival_orchard, layout_rooms, serial_shops, shop,
          chequers_serial_rivers_marsh
D:2:      layout_basic, uniq_natasha

Skill      XL: |  1 |
---------------+----+-----
Ranged Weapons | 6 |  6.7
Fighting       | |  1.5
Dodging        | |  2.4
Stealth        | |  1.2

Action                     || total
---------------------------++-------
   Fire: Shortbow          ||    77
    Use: Scroll            ||     3
         Potion            ||     2
 Armour: Leather armour    ||    42
  Dodge: Dodged            ||    39

Table legend:
 A = Non-vault XP
 B = Vault XP
 C = Vault XP percentage of total XP
 D = Non-vault monster count
 E = Vault monster count
 F = Vault count percentage of total count
                 A         B        C        D         E       F
            +---------+---------+-------+---------+---------+-------
      Total |      45 |       0 |   0.0 |      23 |       0 |   0.0
            +---------+---------+-------+---------+---------+-------
        D:1 |      28 |       0 |   0.0 |      14 |       0 |   0.0
        D:2 |      17 |       0 |   0.0 |       9 |       0 |   0.0
            +---------+---------+-------+---------+---------+-------
